 Dungeon Crawl Stone Soup version 0.30-a0-134-gb40fab5c76 (webtiles) character file.

Game seed: 9123844934301542842

6359 juncz the Frost Mage (level 10, -9/69 HPs)
             Began as a Pale Draconian Ice Elementalist on Sept 20, 2022.
             Was an Initiate of Gozag.
             Mangled by Harold
             ... wielding a +0 halberd of freezing
              (13 damage)
             ... on level 10 of the Dungeon.
             The game lasted 00:44:31 (11472 turns).

juncz the Frost Mage (DrIE)                        Turns: 11472, Time: 00:44:31

Health: -9/69      AC: 24    Str: 11    XL:     10   Next: 65%
Magic:  25/33      EV: 12    Int: 20    God:    Gozag
Gold:   589        SH:  0    Dex: 14    Spells: 20/29 levels left

rFire   + + .      SeeInvis +    u - +2 flail (holy)
rCold   + + .      Faith    .    (no shield)
rNeg    . . .      Spirit   .    (body armour unavailable)
rPois   .          Reflect  .    (helmet restricted)
rElec   .          Harm     .    I - +2 cloak of Infinity {rF+ Dex+3}
rCorr   .          Rampage  .    (no gloves)
Will    .....                    M - +0 pair of boots "Redgh" {rF+}
Stlth   ++........               l - amulet of magic regeneration
HPRegen 0.21/turn                q - ring "Bitwiol" {rC++ MP+9 SInv}
MPRegen 0.63/turn                f - +4 ring of protection

@: ice-armoured, marked, freezing walls
A: breathe steam, AC +7, unfitting armour, cold-blooded, steam resistance
a: Breathe Steam, Renounce Religion, Potion Petition, Call Merchant, Bribe
Branch


You were on level 10 of the Dungeon.
You worshipped Gozag.
Gozag was pleased with you.
You visited 2 branches of the dungeon, and saw 11 of its levels.
You also visited: Sewer.

You collected 1308 gold pieces.
You spent 584 gold pieces at shops.
You paid 135 gold pieces to Gozag.

Inventory:

Hand Weapons
 u - a +2 flail of holy wrath (weapon)
Missiles
 b - 84 stones (quivered)
Armour
 I - the +2 cloak of Infinity (worn) {rF+ Dex+3}
   (You acquired it on level 8 of the Dungeon)

   Dex:       It affects your dexterity (+3).
   rF:        It protects you from fire.
 M - the +0 pair of boots "Redgh" (worn) {rF+}
   (You found it on level 9 of the Dungeon)

   rF:        It protects you from fire.
Jewellery
 f - a +4 ring of protection (right hand)
 l - an amulet of magic regeneration (around neck)
 q - the ring "Bitwiol" (left hand) {rC++ MP+9 SInv}
   (You bought it in a shop on level 1 of the Dungeon)

   [ring of magical power]

   rC:        It greatly protects you from cold.
   MP:        It affects your magic capacity (+9).
   SInv:      It lets you see invisible.
 s - a ring of positive energy
 z - a ring of ice
 K - an amulet of the acrobat
Wands
 y - a wand of polymorph (3)
 F - a wand of flame (6)
 H - a wand of iceblast (6)
Scrolls
 c - 2 scrolls of identify
 e - 3 scrolls of blinking
 p - 3 scrolls of enchant weapon
 r - 2 scrolls of teleportation
 v - 4 scrolls of silence
 C - a scroll of fear
 E - 5 scrolls of magic mapping
Potions
 a - 2 potions of magic
 d - 3 potions of invisibility
 h - 3 potions of might
 j - 9 potions of curing
 m - 3 potions of haste
 o - a potion of flight
 t - a potion of berserk rage {unknown}
 w - 2 potions of brilliance {unknown}
 B - a potion of resistance {unknown}
 D - 3 potions of heal wounds {unknown}
 J - a potion of cancellation {unknown}
Miscellaneous
 g - a condenser vane


   Skills:
 - Level 2.0 Dodging
 - Level 2.0 Stealth
 + Level 10.1 Spellcasting
 + Level 11.5 Ice Magic
 - Level 6.0 Air Magic


You had 20 spell levels left.
You knew the following spells:

 Your Spells              Type           Power      Damage    Failure   Level
a - Freeze                Ice            100%       1d11      1%          1
b - Frozen Ramparts       Ice            100%       1d16      1%          3
c - Ozocubu's Armour      Ice            54%        N/A       1%          3
d - Passwall              Tmut/Erth      8%         N/A       11%         2

Your spell library contained the following spells:

 Spells                   Type           Power      Damage    Failure   Level
 Static Discharge         Conj/Air       44%        2-4/arc   3%          2
 Hailstorm                Conj/Ice       33%        3d8       6%          4
 Ice Form                 Ice/Tmut       33%        N/A       6%          4
 Summon Ice Beast         Ice/Summ       33%        N/A       6%          4
 Sandblast                Erth           20%        2d7       7%          1
 Kindle Blastsparks       Fire/Tloc/Air  36%        2d13      9%          3
 Call Canine Familiar     Summ           10%        N/A       21%         3
 Gell's Gravitas          Tloc           10%        N/A       21%         3
 Lesser Beckoning         Tloc           10%        N/A       21%         3
 Portal Projectile        Hex/Tloc       20%        N/A       21%         3
 Stone Arrow              Conj/Erth      20%        3d8       21%         3
 Teleport Other           Tloc           10%        N/A       21%         3
 Tukima's Dance           Hex            10%        N/A       21%         3
 Arcjolt                  Conj/Air       11%        1d21      50%         5
 Lightning Bolt           Conj/Air       11%        1d24      50%         5
 Cause Fear               Hex            5%         N/A       56%         4
 Fulminant Prism          Conj/Hex       5%         3d7       56%         4
 Iskenderun's Mystic Bla  Conj/Tloc      10%        2d4       56%         4
 Leda's Liquefaction      Hex/Erth       5%         N/A       56%         4
 Passage of Golubria      Tloc           10%        N/A       56%         4
 Lee's Rapid Deconstruct  Erth           5%         3d7*      88%         5
 Summon Forest            Summ/Tloc      5%         N/A       88%         5
 Summon Mana Viper        Hex/Summ       10%        N/A       88%         5
 Yara's Violent Unravell  Hex/Tmut       5%         3d4       88%         5
 Summon Cactus Giant      Summ           5%         N/A       100%        6
 Dragon Form              Tmut           5%         N/A       100%        7
 Maxwell's Capacitive Co  Air            17%        ∞         100%        8
 Dragon's Call            Summ           5%         N/A       100%        9


Dungeon Overview and Level Annotations

Branches:
Dungeon (10/15)            Temple (1/1) D:7            Lair (0/5) D:9
    Orc (0/2) D:9           Sewer (visited)

Altars:
Ashenzari
Cheibriados
Elyvilon
Fedhas
Gozag
Hepliaklqana
Kikubaaqudgha
Makhleb
Nemelex Xobeh
Okawaru
Qazlal
Ru
Sif Muna
Trog
Uskayaw
Vehumet
Wu Jian
Xom
Yredelemnul
Zin
The Shining One

Shops:
D:1 =   D:9 :

Annotations:
D:4 2 transporters, greasedhog's ghost, amateur GrEn
D:10 Harold


Innate Abilities, Weirdness & Mutations

You can breathe blasts of scalding, opaque steam.
Your pale cyan-grey scales are hard. (AC +7)
You cannot fit into any form of body armour.
You are cold-blooded and may be slowed by cold attacks.
You are immune to the effects of steam.


Message History

Press: ? - help, Shift-Dir - straight line, f/p - Harold
Aim: Harold, wielding a +0 halberd of freezing, wearing a +1 chain mail of cold resistance, quivering a throwing net and carrying a wand of iceblast (5) (severely wounded, 85% to hit)
The puff of flame hits Harold.
Harold is severely wounded.
Harold resists.
The wall freezes Harold.
Harold hits you with a +0 halberd of freezing.
* * * LOW HITPOINT WARNING * * *
Aiming: Throw Flame
Press: ? - help, Shift-Dir - straight line, f/p - Harold
Aim: Harold, wielding a +0 halberd of freezing, wearing a +1 chain mail of cold resistance, quivering a throwing net and carrying a wand of iceblast (5) (almost dead, 85% to hit)
The puff of flame hits Harold.
Harold is almost dead.
The wall freezes Harold but does no damage.
Harold hits you with a +0 halberd of freezing!
* * * LOW HITPOINT WARNING * * *
Harold freezes you.
* * * LOW HITPOINT WARNING * * *
Okay, then.
Aiming: Throw Flame
Press: ? - help, Shift-Dir - straight line, f/p - Harold
Aim: Harold, wielding a +0 halberd of freezing, wearing a +1 chain mail of cold resistance, quivering a throwing net and carrying a wand of iceblast (5) (almost dead, 85% to hit)
The puff of flame hits Harold.
Harold is almost dead.
Harold resists.
The wall freezes Harold.
Harold barely misses you.
Aiming: Throw Flame
Press: ? - help, Shift-Dir - straight line, f/p - Harold
Aim: Harold, wielding a +0 halberd of freezing, wearing a +1 chain mail of cold resistance, quivering a throwing net and carrying a wand of iceblast (5) (almost dead, 85% to hit)
The puff of flame hits Harold.
Harold is almost dead.
The wall freezes Harold but does no damage.
Harold closely misses you.
Aiming: Throw Flame
Press: ? - help, Shift-Dir - straight line, f/p - Harold
Aim: Harold, wielding a +0 halberd of freezing, wearing a +1 chain mail of cold resistance, quivering a throwing net and carrying a wand of iceblast (5) (almost dead, 85% to hit)
The puff of flame hits Harold.
Harold is almost dead.
The wall freezes Harold but does no damage.
Harold hits you with a +0 halberd of freezing!
You die...
Your body crumbles into a pile of gold.

#.................#
#.................#
#.................#
#.................#
#..#############..#
#..# #..# #..# #..#
#..# #..# #.<#
##@.# #..# #>@.#
#..# #...# #...#
#...# #...# #...#
....# .....#


You could see Harold.

Vanquished Creatures
  A two-headed ogre (D:9)
  Pikel (D:6)
  A hornet (D:8)
  Prince Ribbit (D:5)
  A shadow (D:9)
  A wraith (D:9)
  3 yaks (D:9)
  A steam dragon (D:8)
  A water moccasin (D:8)
  4 ice beasts
  2 sky beasts
  A black bear (D:6)
  6 ogres
  2 lemures (D:6)
  4 centaurs
  2 phantoms
  5 bullfrogs
  5 kobold brigands
  3 scorpions
  3 necrophages
  6 killer bees (D:8)
  A howler monkey (D:9)
  An electric eel (D:6)
  7 jellies
  2 gnoll boudas (D:9)
  An orc priest (D:8)
  4 hounds
  2 hell rats (D:8)
  2 iguanas (D:5)
  An orc wizard (D:8)
  9 gnolls
  11 adders
  12 river rats
  An ufetubus (D:6)
  6 worms
  4 dart slugs
  14 orcs
  7 ball pythons
  7 bats
  13 endoplasms
  3 giant cockroaches
  7 hobgoblins
  6 jackals
  13 quokkas
  6 frilled lizards
  10 goblins
  33 kobolds
  25 rats
262 creatures vanquished.

Notes
Turn   | Place    | Note
-------+----------+-------------------------------------------
     0 | D:1      | juncz the Draconian Ice Elementalist began the quest for
                  | the Orb.
     0 | D:1      | Reached XP level 1. HP: 14/14 MP: 3/3
   274 | D:1      | Found a faded altar of an unknown god.
   640 | D:1      | Reached XP level 2. HP: 16/20 MP: 5/5
  1205 | D:1      | Found Reuk's Jewellery Boutique.
  1265 | D:1      | Reached XP level 3. HP: 26/26 MP: 6/6
  1269 | D:1      | Learned a level 3 spell: Frozen Ramparts
  1273 | D:1      | Learned a level 3 spell: Ozocubu's Armour
  1817 | D:2      | Reached XP level 4. HP: 31/33 MP: 8/8
  2421 | D:3      | Found a glowing silver altar of Zin.
  2540 | D:3      | Found a stormy altar of Qazlal.
  2541 | D:3      | Noticed a water elemental
  2542 | D:3      | Noticed an air elemental
  2624 | D:3      | Reached skill level 5 in Ice Magic
  2644 | D:3      | Found a glowing drain.
  2649 | Sewer    | Entered a sewer
  2662 | Sewer    | Reached XP level 5. HP: 37/38 MP: 10/10
  3077 | Sewer    | Reached skill level 6 in Ice Magic
  3077 | Sewer    | Reached XP level 6. HP: 15/45 MP: 11/12
  3505 | D:3      | Noticed a fire elemental
  4299 | D:4      | Reached skill level 5 in Spellcasting
  4299 | D:4      | Your scales start taking on a pale cyan-grey colour.
  4299 | D:4      | Reached XP level 7. HP: 50/50 MP: 12/14
  4299 | D:4      | Gained mutation: You are immune to the effects of steam.
                  | [Pale Draconian growth]
  4514 | D:4      | Found a transporter.
  4595 | D:4      | Found a sparkling altar of Nemelex Xobeh.
  4778 | D:4      | Noticed greasedhog's ghost (amateur GrEn)
  4781 | D:4      | Found a transporter.
  4859 | D:5      | Entered Level 5 of the Dungeon
  4933 | D:5      | Reached skill level 7 in Ice Magic
  5086 | D:5      | Reached skill level 1 in Air Magic
  5119 | D:5      | Reached XP level 8. HP: 57/57 MP: 17/17
  5315 | D:5      | Noticed Prince Ribbit
  5319 | D:5      | Killed Prince Ribbit
  5445 | D:5      | Reached skill level 8 in Ice Magic
  5515 | D:5      | Found the +1 cloak of Starlight {*Dazzle EV+4 Stlth--}
  5570 | D:5      | Found a burning altar of Makhleb.
  5765 | D:5      | Noticed a balrug
  6042 | D:6      | Reached XP level 9. HP: 61/62 MP: 19/19
  6185 | D:6      | Noticed Pikel
  6195 | D:6      | Killed Pikel
  6196 | D:6      | Reached skill level 9 in Ice Magic
  6196 | D:6      | Reached skill level 5 in Air Magic
  6257 | D:6      | Found a radiant altar of Vehumet.
  7392 | D:7      | Found a staircase to the Ecumenical Temple.
  7401 | Temple   | Entered the Ecumenical Temple
  7496 | Temple   | Became a worshipper of Gozag Ym Sagoz the Greedy
  7879 | D:7      | Reached skill level 10 in Ice Magic
  8141 | D:8      | Identified a scroll of acquirement
  8199 | D:8      | Acquired the +2 cloak of Infinity {rF+ Dex+3}
  8225 | D:8      | Reached XP level 10. HP: 69/69 MP: 22/22
  8306 | D:8      | Paralysed by a hornet for 1 turns
  8484 | D:8      | Found a hide-covered altar of Uskayaw.
  8847 | D:8      | Found a shimmering blue altar of Sif Muna.
  9939 | D:1      | Bought the ring "Bitwiol" {rC++ MP+9 SInv} for 584 gold
                  | pieces
 10151 | D:9      | Found Juwer's Tremendous Tomes.
 10151 | D:9      | Identified the +0 pair of boots "Redgh" {rF+}
 10331 | D:9      | Noticed a two-headed ogre
 10349 | D:9      | Killed a two-headed ogre
 10350 | D:9      | Reached skill level 11 in Ice Magic
 10855 | D:9      | Found a staircase to the Orcish Mines.
 10942 | D:9      | Found a staircase to the Lair.
 10997 | D:9      | Reached skill level 10 in Spellcasting
 11173 | D:9      | Found a hazy altar of Hepliaklqana.
 11238 | D:9      | Found an iron altar of Okawaru.
 11372 | D:9      | Learned a level 2 spell: Passwall
 11397 | D:10     | Entered Level 10 of the Dungeon
 11433 | D:10     | Noticed Harold
 11472 | D:10     | Mangled by Harold

Illustrated notes

Levels and vault maps discovered:
D:1:      dpeg_arrival_water_temple_mockup, layout_basic, serial_shops, shop,
          hellmonk_ecumenical_altar_run_dry
D:2:      layout_loops_ring, chequers_serial_rivers_micro_d,
          nicolae_hexahallways
D:3:      layout_loops_ring, zin_academy, nicolae_qazlal_style_of_elements,
          lightli_sewer_entry_pipes, minmay_puff
D:4:      layout_loops_ring, nemelex_dance_club_becter,
          gammafunk_ghost_mausoleum, minmay_joined_circles
D:5:      layout_loops_ring, makhleb_altar_promises_db, uniq_prince_ribbit1
D:6:      layout_loops_ring, vehumet_crystals, nicolae_water_bricks,
          minmay_liquid_box, uniq_pikel
D:7:      layout_basic, minmay_temple_entry_glass, serial_corexii_hall,
          corexii_hall_statues_x, chequers_hall_statues_corner_a
D:8:      lemuel_ratsnest, layout_loops_ring, mainiacjoe_overflow_brackets,
          nicolae_sif_muna_condensation, lemuel_flame_loot_1
D:9:      layout_long_grid, worldfamousw_hep_ancestral_shrine,
          okawaru_altar_gauntlet_db, lair_entry_dummy, orc_0_dummy,
          grunt_ministairs_7, nicolae_shop_i_like_big_books,
          nicolae_straight_to_the_point
D:10:     minmay_imperfect_grid, layout_irregular_city, grunt_dithmenos_smoke,
          st_stairs_14, wad_mini_maze, uniq_harold, uniq_psyche, uniq_grum
Temple:   nicolae_temple_hex_pool

Skill      XL: |  1  2  3  4  5  6  7  8  9 10 |
---------------+-------------------------------+-----
Stealth        | 2 |  2.0
Dodging        | 2 |  2.0
Spellcasting   | 3 4 5 6 7 8 10 | 10.1
Ice Magic      | 5 6 7 8 10 11 | 11.5
Air Magic      | 1 4 6 |  6.0

Action                   |  1- 3 |  4- 6 |  7- 9 | 10-12 || total
-------------------------+-------+-------+-------+-------++-------
Melee: Short sword       |    14 |     5 |       |       ||    19
       Flail             |       |       |   102 |    23 ||   125
       Tailslap          |       |       |    17 |     2 ||    19
       Punch             |       |       |     2 |       ||     2
Throw: Stone             |     2 |     1 |     5 |     5 ||    13
 Cast: Freeze            |    62 |    76 |    69 |    57 ||   264
       Frozen Ramparts   |     4 |    25 |    45 |    22 ||    96
       Ozocubu's Armour  |       |     2 |    21 |    10 ||    33
       Passwall          |       |       |       |     1 ||     1
 Abil: Breathe Steam     |       |       |       |     1 ||     1
Evoke: Wand              |       |       |     9 |    17 ||    26
  Use: Scroll            |     3 |     4 |     8 |     3 ||    18
       Potion            |       |     1 |       |       ||     1
 Stab: Distracted        |       |       |     2 |       ||     2
Armor: Skin              |    24 |    22 |   117 |    46 ||   209
Dodge: Dodged            |    34 |    47 |   109 |    53 ||   243

Table legend: (Time is in decaauts)
 A = Elapsed time spent in this place.
 B = Non-inter-level travel time spent in this place.
 C = Inter-level travel time spent in this place.
 D = Time resting spent in this place.
 E = Time spent auto-exploring this place.
 F = Levels seen in this place.
 G = Mean time per level.
                   A        B        C        D        E       F      G
               +--------+--------+--------+--------+--------+-----+--------+
         Total |  11664 |  10986 |    678 |   2012 |   6708 |  12 |  972.0 |
       Dungeon |  10703 |  10067 |    636 |   1910 |   6182 |  10 | 1070.3 |
        Temple |    118 |     76 |     42 |      0 |     65 |   1 |  118.0 |
         Sewer |    842 |    842 |      0 |    102 |    461 |   1 |  842.0 |
               +--------+--------+--------+--------+--------+-----+--------+

Top non-repeatable levels by time:
     D:8: 1862 daAuts
     D:1: 1465 daAuts
     D:9: 1347 daAuts
     D:6: 1322 daAuts
     D:3: 1156 daAuts
     D:2: 987 daAuts
     D:5: 986 daAuts
   Sewer: 842 daAuts
     D:7: 825 daAuts
     D:4: 673 daAuts
  Temple: 118 daAuts
    D:10: 74 daAuts
